 Dungeon Crawl Stone Soup version 0.18-a0-1396-g8753ca6 (webtiles) character file.

5457 dvd the Basher (level 10, -6/99 HPs)
             Began as an Ogre Berserker on Feb 23, 2016.
             Was a High Priest of Trog.
             Killed from afar by an electric eel (12 damage)
             ... with a bolt of electricity
             ... on level 8 of the Dungeon on Feb 24, 2016.
             The game lasted 00:30:57 (8476 turns).

dvd the Basher (Ogre Berserker)                     Turns: 8476, Time: 00:30:57

Health: -6/99      AC: 10    Str: 26    XL:     10   Next: 68%
Magic:  9/9        EV: 13    Int: 10    God:    Trog [*****.]
Gold:   406        SH:  0    Dex: 10    Spells: 0 memorised, 9 levels left

rFire  . . .     SeeInvis .     o - +4 quarterstaff (chaos)
rCold  + . .     Gourm    .     n - +2 robe {rC+}
rNeg   . . .     Faith    .     (shield currently unavailable)
rPois  .         Spirit   .     (helmet restricted)
rElec  .         Dismiss  .     B - +1 cloak
rCorr  .         Reflect  .     (gloves unavailable)
SustAt .         Harm     .     (boots unavailable)
MR     +....     Rnd*Tele +     K - amulet of rage (curse)
Stlth  ++........               C - ring of teleportation (curse)
                                G - +4 ring of intelligence

@: somewhat resistant to hostile enchantments, unstealthy
A: unfitting armour, yellow scales 1, blurry vision 1, frail 1, low mp 1, shaggy
fur 1, tough skin 1, MP-powered wands
a: Berserk, Trog's Hand, Brothers in Arms, Burn Spellbooks, Renounce Religion,
Evoke Berserk Rage


You were on level 8 of the Dungeon.
You worshipped Trog.
Trog was extremely pleased with you.
You were not hungry.

You visited 1 branch of the dungeon, and saw 8 of its levels.
You also visited: Sewer.

You collected 406 gold pieces.

Inventory:

Hand Weapons
 a - a +4 flail
 f - a +0 whip of flaming
 o - a +4 quarterstaff of chaos (weapon)
 v - the cursed +2 falchion "Uteg" {elec, Int+4, unknown}
   (You found it on level 5 of the Dungeon)

   Occasionally, upon striking a foe, it will discharge some electrical energy
   and cause terrible harm.
   It affects your intelligence (+4).
   It has a curse placed upon it.
 y - a +5 scythe of slicing
 I - a +4 dire flail of draining
 N - a +2 flail of crushing
Missiles
 e - 124 stones (quivered)
Armour
 n - a +2 robe of cold resistance (worn)
 B - a +1 cloak (worn)
 L - a +2 robe of positive energy
Rods
 F - a +0 lightning rod (14/14)
   (You found it on level 7 of the Dungeon)
Jewellery
 l - an uncursed amulet of dismissal
 t - an uncursed ring of sustain attributes
 C - a cursed ring of teleportation (right hand)
 D - an uncursed amulet of magic regeneration
 G - a +4 ring of intelligence (left hand)
 K - a cursed amulet of rage (around neck)
Wands
 A - a wand of paralysis (9/24)
 E - a wand of iceblast (12/15)
 H - a wand of flame (23/48)
Scrolls
 j - 6 scrolls of identify
 m - 3 scrolls of teleportation
 q - 4 scrolls of blinking
 r - a scroll of fear
 s - 3 scrolls of recharging
 u - 2 scrolls of fog
 M - a scroll of enchant armour
Potions
 i - 2 potions of curing
 p - a potion of cure mutation {unknown}
 w - 2 potions of magic
 x - 2 potions of heal wounds
 z - 4 potions of haste
Comestibles
 b - a royal jelly
 c - 8 bread rations
 d - 4 meat rations
 g - 4 beef jerkies
 h - 3 slices of pizza
 k - 3 fruits
 J - 6 chunks of flesh


   Skills:
 + Level 10.4 Fighting
 + Level 10.5(11.1) Maces & Flails
 + Level 4.1(6.3) Staves
 + Level 2.4 Throwing
 + Level 9.0 Dodging
 + Level 3.4 Stealth


You had 9 spell levels left.
You didn't know any spells.

Dungeon Overview and Level Annotations

Branches:
Dungeon (8/15)             Temple (0/1) D:4            Lair (0/8) D:8

Altars:
Ashenzari
Cheibriados
Fedhas
Makhleb
Okawaru
Qazlal
Trog
The Shining One

Shops:
D:4 (   D:8 *


Innate Abilities, Weirdness & Mutations

You are too large for most types of armour.
You have tough skin (AC +1).
You are partially covered in yellow scales (AC +2).
Scrolls take you a little longer to read.
You are frail (-10% HP).
Your magical capacity is low (-10% MP).
You are covered in fur (AC +1).
You expend magic power (3 MP) to strengthen your wands.


Message History

The electric eel completely resists.
The bolt of electricity hits you!
* * * LOW HITPOINT WARNING * * *
The electric eel shoots out a bolt of lightning at you!
The bolt of electricity hits you!
* * * LOW HITPOINT WARNING * * *
Read which item? (? for menu, Esc to quit)
Really read with blurry vision while enemies are nearby? [Y]es or [N]o only, please.
Really read with blurry vision while enemies are nearby? [Y]es or [N]o only, please.
Really read with blurry vision while enemies are nearby?
The electric eel shoots out a bolt of lightning at you!
The bolt of electricity hits you!
* * * LOW HITPOINT WARNING * * *
You begin reading the scroll.
You continue reading the scroll.
Your skin stops crawling.
You feel less resistant to hostile enchantments.
The electric eel shoots out a bolt of lightning at you!
The bolt of electricity hits you!
You die...

#≈≈≈≈≈.≈.h)≈≈≈≈..
.≈≈≈≈≈≈..
#≈≈≈≈≈..>
#≈≈≈≈≈≈..
#≈≈≈≈≈≈..
#.≈≈≈≈≈..
#..≈≈≈≈..
#####..≈≈≈≈≈.≈≈
#...@.≈..≈≈≈.≈≈
#.###...;≈≈≈.≈≈
#..≈;≈;≈≈.≈. #
#...≈≈≈≈≈.≈.
#.##......≈≈.≈.
...).)[........
#..)........ ....
#.#.######## ....
####.#.#### ###


You could see 3 electric eels.

Vanquished Creatures
  Pikel (D:8)
  The ghost of Kidiri the Thaumaturge, a novice DEFE of Vehumet (D:7)
  A troll (D:7)
  Prince Ribbit (D:7)
  The ghost of dvd the Sneak, an amateur OpIE (D:5)
  Sigmund (D:3)
  A spriggan (D:7)
  Menkaure (D:6)
  Edmund (D:4)
  A wolf (D:8)
  2 orc warriors
  An ice beast (D:6)
  2 wasps
  A black bear (D:7)
  A slave (D:8)
  4 ogres
  4 sky beasts (D:6)
  10 giant frogs
  2 scorpions
  4 killer bees (D:7)
  A centaur zombie (D:6)
  2 crimson imps
  9 hounds
  An orc wizard (D:6)
  A giant frog zombie (D:7)
  2 orc priests
  Crazy Yiuf (D:3)
  2 jellies (D:7)
  2 centaur skeletons
  Jessica (D:2)
  An iguana (D:4)
  3 worker ants
  Terence (D:1)
  A worker ant zombie (D:5)
  15 adders
  A river rat (Sewer)
  An adder skeleton (D:5)
  6 worms
  3 dart slugs
  3 giant geckos
  18 orcs
  17 ball pythons
  7 giant cockroaches
  14 goblins
  8 hobgoblins
  4 jackals
  5 quokkas
  13 bats
  6 giant newts
  8 kobolds
  A quokka zombie (D:7)
  35 rats
234 creatures vanquished.

Vanquished Creatures (collateral kills)
  A centaur skeleton (D:6)
1 creature vanquished.

Vanquished Creatures (others)
  A slave (D:8)
  An adder (D:8)
  4 orcs (D:8)
6 creatures vanquished.

Grand Total: 241 creatures vanquished

Notes
Turn   | Place    | Note
--------------------------------------------------------------
     0 | D:1      | dvd the Ogre Berserker began the quest for the Orb.
     0 | D:1      | Reached XP level 1. HP: 24/24 MP: 1/1
   197 | D:1      | Reached XP level 2. HP: 24/32 MP: 2/2
   923 | D:2      | Reached XP level 3. HP: 33/40 MP: 3/3
  1099 | D:2      | Reached ** piety under Trog
  1289 | D:2      | Noticed Terence
  1325 | D:2      | HP: 2/40 [Terence/enchanted flail (3)]
  1666 | D:1      | Killed Terence
  1666 | D:1      | Reached XP level 4. HP: 49/49 MP: 4/4
  1961 | D:2      | Noticed Jessica
  1973 | D:2      | Killed Jessica
  1973 | D:2      | Reached skill level 5 in Maces & Flails
  1973 | D:2      | Reached skill level 1 in Stealth
  1973 | D:2      | Reached XP level 5. HP: 51/55 MP: 5/5
  2068 | D:2      | Noticed a fire elemental
  2070 | D:2      | Found a stormy altar of Qazlal.
  2071 | D:2      | Noticed an air elemental
  2072 | D:2      | Noticed a water elemental
  2400 | D:3      | Reached *** piety under Trog
  2401 | D:3      | Found a glowing drain.
  2451 | Sewer    | Entered a sewer
  2477 | Sewer    | Reached skill level 1 in Throwing
  2865 | Sewer    | Reached skill level 5 in Fighting
  2969 | Sewer    | Reached **** piety under Trog
  2977 | Sewer    | Reached XP level 6. HP: 48/66 MP: 6/6
  3277 | D:3      | Noticed Sigmund
  3283 | D:3      | Killed Sigmund
  3283 | D:3      | Reached skill level 5 in Dodging
  3283 | D:3      | Reached XP level 7. HP: 74/74 MP: 7/7
  3407 | D:3      | Noticed Crazy Yiuf
  3412 | D:3      | Killed Crazy Yiuf
  3881 | D:4      | Received a gift from Trog
  4022 | D:4      | Found Qaliumm's Antique Weapon Boutique.
  4068 | D:4      | Noticed Edmund
  4081 | D:4      | Killed Edmund
  4168 | D:4      | Found a staircase to the Ecumenical Temple.
  4216 | D:4      | Gained mutation: Your magical capacity is low (-10% MP). [potion of mutation]
  4216 | D:4      | Gained mutation: You are frail (-10% HP). [potion of mutation]
  4216 | D:4      | Gained mutation: Scrolls take you a little longer to read. [potion of mutation]
  4304 | D:4      | Reached XP level 8. HP: 68/74 MP: 7/7
  4345 | D:4      | Found a shattered altar of Ashenzari.
  4347 | D:4      | Found an iron altar of Okawaru.
  4347 | D:4      | Found a blossoming altar of Fedhas.
  4354 | D:4      | Found a snail-covered altar of Cheibriados.
  4773 | D:5      | Entered Level 5 of the Dungeon
  4874 | D:5      | Noticed dvd's ghost (amateur OpIE)
  4891 | D:5      | Killed dvd's ghost
  4891 | D:5      | Reached skill level 1 in Staves
  5004 | D:5      | Got a translucent falchion
  5100 | D:5      | Found a glowing golden altar of the Shining One.
  5327 | D:6      | Found a stormy altar of Qazlal.
  5344 | D:6      | Found a glowing golden altar of the Shining One.
  5614 | D:6      | Reached ***** piety under Trog
  5690 | D:6      | Reached XP level 9. HP: 70/86 MP: 8/8
  5803 | D:6      | Gained mutation: You are partially covered in yellow scales (AC +2). [potion of mutation]
  5803 | D:6      | Gained mutation: You are covered in fur (AC +1). [potion of mutation]
  5803 | D:6      | Gained mutation: You expend magic power (3 MP) to strengthen your wands. [potion of mutation]
  5990 | D:6      | Noticed Menkaure
  6003 | D:6      | Killed Menkaure
  6475 | D:6      | Found a burning altar of Makhleb.
  6847 | D:7      | Noticed Kidiri's ghost (novice DEFE)
  6858 | D:7      | Killed Kidiri's ghost
  6860 | D:7      | Reached XP level 10. HP: 60/96 MP: 9/9
  7123 | D:7      | Noticed Prince Ribbit
  7135 | D:7      | Killed Prince Ribbit
  7235 | D:7      | Found a bloodstained altar of Trog.
  8019 | D:7      | Reached skill level 10 in Maces & Flails
  8095 | D:8      | Found Coiqoqar's General Store.
  8187 | D:8      | Reached skill level 10 in Fighting
  8243 | D:8      | Noticed Pikel
  8266 | D:8      | Killed Pikel
  8470 | D:8      | Found a staircase to the Lair.
  8476 | D:8      | Killed from afar by an electric eel

Vault maps used:
D:1:      wheals_arrival_linesprint
D:2:      first_bread, nicolae_qazlal_style_of_elements, uniq_terence,
          uniq_jessica
D:3:      kennysheep_the_goblin_king, portal_sewer_entry_d,
          hangedman_decor_growths, uniq_crazy_yiuf_cottage, uniq_sigmund
D:4:      grunt_temple_overflow_open, temple_pool_b, serial_shops, shop,
          kennysheep_generic_room_12, uniq_edmund
D:5:      basic_altar, serial_bayou_ford_a, serial_bayou_pond_a
D:6:      bloody_makhleb, amethyst_overflow_temple_binary, uniq_menkaure
D:7:      bloody_trog, the_bakery, lemuel_flame_loot_1, uniq_prince_ribbit1
D:8:      erik_lair_island, serial_shops,
          nicolae_shop_temple_entry_statues_fountains, uniq_pikel
Sewer:    sewer_minmay_w

Skill      XL: |  1  2  3  4  5  6  7  8  9 10 |
---------------+-------------------------------+-----
Dodging        | 3 4 5 6 8 9 |  9.0
Maces & Flails | 5 6 8 9 10 | 10.5
Stealth        | 1 2 3 |  3.4
Throwing       | 1 2 |  2.4
Fighting       | 5 6 7 9 10 | 10.4
Staves         | 1 3 4 |  4.1

Action                   |  1- 3 |  4- 6 |  7- 9 | 10-12 || total
-------------------------+-------+-------+-------+-------++-------
Melee: Mace              |   128 |       |       |       ||   128
       Flail             |       |   160 |    42 |       ||   202
       Quarterstaff      |       |       |   118 |    25 ||   143
       Dire flail        |       |       |    92 |    84 ||   176
       Scythe            |       |       |     4 |       ||     4
       Rod               |       |       |       |     5 ||     5
Throw: Stone             |    34 |    14 |     7 |     9 ||    64
       Tomahawk          |       |       |     7 |       ||     7
Invok: Berserk           |     1 |     3 |     5 |       ||     9
       Trog's Hand       |       |       |       |     2 ||     2
       Burn Spellbooks   |       |       |       |     1 ||     1
  Use: Scroll            |       |       |    12 |     1 ||    13
       Potion            |       |       |    11 |     1 ||    12
 Stab: Sleeping          |     3 |       |     1 |       ||     4
  Eat: Chunk             |     3 |     8 |    15 |     7 ||    33
       Royal jelly       |       |       |     1 |       ||     1
